 Dungeon Crawl Stone Soup version 0.18-a0-1575-g920359c (webtiles) character file.

279 Tomstefer the Shooter (level 6, 49/51 HPs)
             Began as a Centaur Hunter on Mar 15, 2016.
             Quit the game in a sewer on Mar 16, 2016.
             The game lasted 00:10:34 (3055 turns).

Tomstefer the Shooter (Centaur Hunter)              Turns: 3055, Time: 00:10:34

Health: 49/51      AC: 10    Str: 11    XL:     6   Next: 5%
Magic:  6/6        EV:  3    Int: 10    God:
Gold:   203        SH:  0    Dex: 12    Spells: 0 memorised, 5 levels left

rFire  . . .     SeeInvis .     w - +0 falchion
rCold  . . .     Gourm    .     x - +1 chain mail
rNeg   . . .     Faith    .     (no shield)
rPois  .         Spirit   +     (no helmet)
rElec  .         Dismiss  .     (no cloak)
rCorr  .         Reflect  .     p - +1 pair of gloves
SustAt .         Harm     .     (no barding)
MR     .....                    s - amulet of guardian spirit
Stlth  ..........               m - -3 ring of strength (curse)
                                l - ring of flight

@: very quick, not resistant to hostile enchantments, extremely unstealthy
A: hooves 3, deformed body, speed 2, tough skin 3
a: Evoke Flight


You were in a sewer.
You were not hungry.

You visited 1 branch of the dungeon, and saw 4 of its levels.
You also visited: Sewer.

You collected 203 gold pieces.

Inventory:

Hand Weapons
 a - a +1 shortbow
 w - a +0 falchion (weapon)
Missiles
 d - 5 arrows
Armour
 p - a +1 pair of gloves (worn)
 x - a +1 chain mail (worn)
Jewellery
 l - a ring of flight (left hand)
 m - a cursed -3 ring of strength (right hand)
 s - an amulet of guardian spirit (around neck)
Scrolls
 k - a scroll of magic mapping
 v - a scroll of teleportation
Potions
 e - 2 potions of curing
 g - a potion of resistance {unknown}
 j - a potion of berserk rage
 n - 2 potions of brilliance {unknown}
 o - a potion of might {unknown}
 q - a potion of degeneration {unknown}
 r - a potion of mutation {unknown}
 t - 2 potions of heal wounds {unknown}
 u - a potion of flight {unknown}
 z - a potion of lignification {unknown}
Comestibles
 b - a beef jerky
 c - a meat ration
 f - 2 bread rations


   Skills:
 + Level 3.1 Fighting
 + Level 7.2 Bows
 + Level 2.0 Armour
 - Level 2.4 Dodging
 - Level 0.5 Stealth


You had 5 spell levels left.
You didn't know any spells.

Dungeon Overview and Level Annotations

Branches:
Dungeon (4/15)
 Temple: D:4-7

Altars:


Innate Abilities, Weirdness & Mutations

You have hooves in place of feet.
Armour fits poorly on your strangely shaped body.
You cover ground very quickly.
You have extremely tough skin (AC +3).


Message History

k - a scroll of magic mapping
o - a fizzy cyan potion
t - a dark potion
t - 2 dark potions (gained 1)
u - a purple potion Put on which piece of jewellery? (? for menu, Esc to quit)
You feel weaker.
Oops, that ring feels deathly cold.
m - a cursed -3 ring of strength (right hand) Read which item? (? for menu, Esc to quit)
As you read the scroll labeled REHYQI CUEMOIH, it crumbles to dust.
It is a scroll of recharging.
You aren't carrying any rechargeable items.
Read which item? (? for menu, Esc to quit)
Enchant which item? (? for menu, Esc to quit)
As you read the scroll of enchant armour, it crumbles to dust.
Your +0 chain mail glows green for a moment.
Read which item? (? for menu, Esc to quit)
Okay, then.
Are you sure you want to abandon this character and quit the game? (Confirm with "yes".)

≈≈≈≈≈≈≈≈≈≈≈≈≈≈≈≈≈≈≈
≈≈≈≈≈≈≈≈≈≈≈≈≈≈≈≈≈≈≈ #
≈≈≈≈≈≈≈≈≈≈≈≈≈≈≈≈≈≈≈ #≈
≈≈≈≈≈≈≈≈≈≈≈≈≈≈≈≈≈≈≈ #≈
≈≈≈≈≈≈≈≈≈≈≈≈##≈≈≈ #≈≈
≈≈≈≈≈..####....
#≈≈#######≈≈....##.....
#≈≈#..#..#.≈...........
#≈≈#..@..#............#
#≈≈##...(().....####...
#≈≈#)....#....### ##..
#≈≈#..#..###### ###
#≈≈####### #≈≈ #≈ #


There were no monsters in sight!

Vanquished Creatures
  A phantom (D:3)
  2 adders
  8 river rats
  An ooze (D:1)
  A dart slug (D:1)
  4 giant geckos
  2 orcs (D:3)
  6 bats (D:1)
  8 giant cockroaches
  6 goblins
  3 hobgoblins (D:1)
  16 kobolds
  9 ball pythons
  7 giant newts
  26 rats
100 creatures vanquished.

Notes
Turn   | Place    | Note
--------------------------------------------------------------
     0 | D:1      | Tomstefer the Centaur Hunter began the quest for the Orb.
     0 | D:1      | Reached XP level 1. HP: 17/17 MP: 1/1
    99 | D:1      | Reached XP level 2. HP: 24/24 MP: 2/2
   281 | D:1      | Reached XP level 3. HP: 29/29 MP: 3/3
   320 | D:1      | Reached skill level 6 in Bows
   783 | D:2      | Upgraded the game from 0.18-a0-1572-g0a86841 to 0.18-a0-1575-g920359c
  1678 | D:3      | Reached XP level 4. HP: 36/36 MP: 4/4
  1760 | D:3      | Noticed a phantom
  1779 | D:3      | Killed a phantom
  1779 | D:3      | Reached skill level 1 in Armour
  1779 | D:3      | Reached XP level 5. HP: 32/42 MP: 3/5
  2078 | D:3      | Found a faded altar to an unknown god.
  2271 | D:4      | Reached skill level 7 in Bows
  2335 | D:4      | Found a glowing drain.
  2430 | Sewer    | Entered a sewer
  2496 | Sewer    | Got an ancient hand crossbow
  2499 | Sewer    | Identified the +11 hand crossbow of Trauma {penet, rPois MR++ SInv} (You found it in a sewer)
  2682 | Sewer    | Reached XP level 6. HP: 17/51 MP: 4/6
  3055 | Sewer    | Quit the game

Vault maps used:
D:1:      onia_arrival_larder, minivault_14, minmay_surrounded
D:2:      first_bread, minivault_11, roderic_digamma_sauvastika
D:3:      ecumenical_altar_1
D:4:      grunt_temple_overflow_open, portal_sewer_entry_b, st_stairs_4
Sewer:    sewer_minmay_treatment

Skill      XL: |  1  2  3  4  5  6 |
---------------+-------------------+-----
Dodging        | 2 |  2.4
Bows           | 6 7 |  7.2
Armour         | 1 2 |  2.0
Fighting       | 3 |  3.1
Stealth        | |  0.5

Action                   |  1- 3 |  4- 6 || total
-------------------------+-------+-------++-------
Melee: Short sword       |    11 |       ||    11
       Falchion          |       |    55 ||    55
 Fire: Shortbow          |   145 |   127 ||   272
 Abil: Evoke Flight      |       |     1 ||     1
  Use: Scroll            |       |    12 ||    12
       Potion            |       |     1 ||     1
  Eat: Chunk             |     1 |     4 ||     5
